 Dungeon Crawl Stone Soup version 0.26.1-2-gb8aa6d0cf2 (webtiles) character file.

Game seed: 2078321095177530031

195 Groucho the Covert (level 5, -1/24 HPs)
             Began as a Spriggan Enchanter on Feb 21, 2021.
             Slain by an orc wizard
             ... wielding a +0 dagger
              (3 damage)
             ... on level 5 of the Dungeon.
             The game lasted 00:09:52 (6303 turns).

Groucho the Covert (Spriggan Enchanter)             Turns: 6303, Time: 00:09:53

Health: -1/24      AC:  2    Str:  4    XL:     5   Next: 45%
Magic:  4/10       EV: 18    Int: 17    God:
Gold:   151        SH:  0    Dex: 17    Spells: 0/9 levels left

rFire    . . .     SeeInvis +   l - +2 dagger (flame)
rCold    . . .     Faith    .   (shield restricted)
rNeg     . . .     Spirit   .   b - +0 robe
rPois    +         Reflect  .   (helmet restricted)
rElec    .         Harm     .   (no cloak)
rCorr    .         Rampage  .   (gloves unavailable)
Will     +....                  (boots unavailable)
Stlth    ++++......             (no amulet)
HPRegen  0.08/turn              g - ring of flight
MPRegen  0.12/turn              h - ring of willpower

@: very quick
A: very small, unfitting armour, see invisible, speed 3, sense surroundings 1,
poison resistance, evolution 1
a: Evoke Flight


You were on level 5 of the Dungeon.
You visited 1 branch of the dungeon, and saw 5 of its levels.

You collected 151 gold pieces.

Inventory:

Hand Weapons
 a - a +1 dagger
 l - a +2 dagger of flaming (weapon)
Missiles
 n - 2 boomerangs (quivered)
Armour
 b - a +0 robe (worn)
Jewellery
 g - a ring of flight (left hand)
 h - a ring of willpower (right hand)
Scrolls
 d - 2 scrolls of fog
 f - a scroll of fear {unknown}
 i - a scroll of remove curse
 j - a scroll of random uselessness {unknown}
 k - 2 scrolls of blinking {unknown}
 o - a scroll of magic mapping {unknown}
 p - 2 scrolls of identify {unknown}
Potions
 c - 2 potions of resistance
 e - a potion of mutation
 m - a potion of flight {unknown}
 q - a potion of heal wounds {unknown}


   Skills:
 - Level 1.1 Short Blades
 - Level 3.0 Dodging
 * Level 9.6 Stealth
 - Level 2.6 Spellcasting
 - Level 3.6 Hexes


You couldn't memorise any spells.
You knew the following spells:

 Your Spells              Type           Power        Failure   Level
a - Corona                Hex            15%          4%          1
b - Ensorcelled Hibernat  Hex/Ice        16%          13%         2
c - Confusing Touch       Hex            14%          12%         3
d - Tukima's Dance        Hex            14%          12%         3

Your spell library contained the following spells:

 Spells                   Type           Power        Failure   Level
 Dazzling Flash           Conj/Hex       16%          26%         3


Dungeon Overview and Level Annotations

Branches:
Dungeon (5/15)
 Temple: D:4-7

Altars:
Ru
The Shining One


Innate Abilities, Weirdness & Mutations

You are very small and have problems with some larger weapons.
You are too small for most types of armour.
You have supernaturally acute eyesight. (SInv)
You cover ground extremely quickly.
You passively map a small area around you.
Your system is resistant to poisons. (rPois)
You evolve.


Message History

Casting: Confusing Touch (quite dangerous; 12% risk of failure)
Confirm with . or Enter, or press ? or * to list all spells.
Aiming: Ensorcelled Hibernation (safe; 13% risk of failure)
Press: ? - help, Shift-Dir - straight line, f - orc wizard
Aim: an orc wizard, wielding a +0 dagger and wearing a +0 robe (chance to affect: 39%)
Okay, then.
There is a stone staircase leading down here.
The orc wizard mumbles some strange words.
The orc wizard blinks!
The orc wizard completely misses you.
You climb downwards.
There is a stone staircase leading up here.
Unknown command.
Casting: Ensorcelled Hibernation (safe; 13% risk of failure)
Confirm with . or Enter, or press ? or * to list all spells.
Aiming: Ensorcelled Hibernation (safe; 13% risk of failure)
Press: ? - help, Shift-Dir - straight line, f - orc wizard
Aim: an orc wizard, wielding a +0 dagger and wearing a +0 robe (chance to affect: 39%)
The orc wizard resists with some effort.
The orc wizard hits you with a +0 dagger.
You die...

* , #......
* ...#.# ,
.....# , ,,
, .....####
, , *
#........ ,
, #........
, * ,
#o..(.# * ,
#@.## , *
*,,#.#.#>###
#........ *
*
#........#..
,
#...#####...
, , ..... ,
.. .......
,, . * *
....... ,, ,
....... *


You could see an orc wizard.

Vanquished Creatures
  A howler monkey (D:4)
  2 hounds
  3 adders
  3 worms
  3 dart slugs
  2 orcs (D:3)
  A ball python (D:3)
  4 giant cockroaches
  6 goblins
  3 hobgoblins
  8 jackals
  5 bats
  4 frilled lizards
  5 kobolds
  A quokka skeleton (D:5)
  5 rats
56 creatures vanquished.

Vanquished Creatures (others)
  2 plants (D:4)
  4 toadstools (D:1)
6 creatures vanquished.

Grand Total: 62 creatures vanquished

Notes
Turn   | Place    | Note
-------+----------+-------------------------------------------
     0 | D:1      | Groucho the Spriggan Enchanter began the quest for the Orb.
     0 | D:1      | Reached XP level 1. HP: 9/9 MP: 5/5
   489 | D:1      | Reached skill level 5 in Stealth
  1054 | D:1      | Reached XP level 2. HP: 13/13 MP: 6/6
  1057 | D:1      | Learned a level 2 spell: Ensorcelled Hibernation
  1757 | D:1      | Reached skill level 6 in Stealth
  2359 | D:2      | Found a glowing golden altar of the Shining One.
  3074 | D:2      | Reached XP level 3. HP: 16/16 MP: 8/8
  3902 | D:3      | Gained mutation: Your system is resistant to poisons.
                  | (rPois) [potion of mutation]
  3902 | D:3      | Gained mutation: You passively map a small area around you.
                  | [potion of mutation]
  3902 | D:3      | Gained mutation: You evolve. [potion of mutation]
  3940 | D:2      | Learned a level 3 spell: Confusing Touch
  3952 | D:3      | Reached skill level 7 in Stealth
  4640 | D:3      | Reached XP level 4. HP: 21/21 MP: 4/9
  5525 | D:4      | Reached skill level 8 in Stealth
  5720 | D:4      | Reached skill level 9 in Stealth
  5720 | D:4      | Reached XP level 5. HP: 18/24 MP: 3/10
  5788 | D:4      | Learned a level 3 spell: Tukima's Dance
  6190 | D:4      | Found a sacrificial altar of Ru.
  6211 | D:5      | Entered Level 5 of the Dungeon
  6303 | D:5      | Slain by an orc wizard

Illustrated notes

Levels and vault maps discovered:
D:1:      ldierk_walled_garden_2, layout_basic, hex_large, bh_walls_and_bars
D:2:      layout_basic, general_overflow_altar
D:3:      layout_basic
D:4:      layout_loops_ring, doesnt_xom_only_xom, serial_forest,
          infiniplex_forest_lined_room_, infiniplex_forest_lined_2,
          infiniplex_forest_straight_3, infiniplex_forest_clump_small,
          infiniplex_forest_clump_large, infiniplex_forest_clump_C,
          infiniplex_forest_clump_C, infiniplex_forest_straight_2,
          serial_bayou_pond_a
D:5:      layout_loops_ring, gammafunk_temple_overflow_pools,
          minmay_temple_entry_nine_rooms, hangedman_decor_slide_cut

Skill      XL: |  1  2  3  4 |
---------------+-------------+-----
Stealth        | 5 6 7 9 |  9.6
Short Blades   | |  1.1
Dodging        | |  3.0
Spellcasting   | |  2.6
Hexes          | |  3.6

Action                   |  1- 3 |  4- 6 || total
-------------------------+-------+-------++-------
Melee: Dagger            |    96 |    43 ||   139
Throw: Boomerang         |       |     4 ||     4
 Cast: Corona            |     1 |       ||     1
       Ensorcelled Hiber |    19 |    15 ||    34
       Confusing Touch   |     1 |     3 ||     4
  Use: Potion            |     2 |       ||     2
       Scroll            |     2 |       ||     2
 Stab: Sleeping          |    24 |    13 ||    37
       Distracted        |     1 |       ||     1
       Confused          |     1 |     1 ||     2
Armor: Robe              |     6 |     5 ||    11
Dodge: Dodged            |    76 |    22 ||    98
